Map: Lockdown LE

Players

Serral - Winner!

  • Race: Zerg Zerg
  • League: Master
  • Spawn Location: 7:00

SKillous

  • Race: Protoss Protoss
  • League: Grandmaster
  • Spawn Location: 1:00

Event: HomeStory Cup XXIX

VOD

Have the link to the VOD?

Description

Time

  • Played on: July 5, 2026, 6:56 a.m.
  • Length: 11:23

All games in this series

Show
View Real Time Build Order
Export as new Build Order

Serral Zerg - Winner!

Build Orders: Hatch First 

Get SALT Encoding   

  8  0:00  Drone  
  9  0:10  Drone  
  10  0:15  Drone  
  11  0:27  Overlord  
  11  0:32  Drone  
  12  0:45  Drone x2  
  14  0:51  Drone  
  15  1:05  Drone  
  16  1:13  Hatchery  
  16  1:17  Drone  
  16  1:21  Drone  
  17  1:30  Drone  
  18  1:34  Extractor  
  18  1:39  Spawning Pool  
  16  1:43  Drone  
  17  1:49  Drone  
  18  2:02  Drone  
  19  2:11  Overlord  
  20  2:22  Drone  
  20  2:26  Queen x2  
  20  2:29  Drone  
  25  2:31  Zergling x2  
  25  2:36  Metabolic Boost  
  26  2:40  Drone  
  27  2:44  Zergling x2  
  27  2:47  Drone  
  29  2:51  Drone  
  30  3:02  Drone  
  30  3:04  Overlord  
  31  3:11  Hatchery  
  30  3:19  Queen  
  32  3:22  Zergling x2  
  32  3:23  Zergling x2  
  34  3:27  Zergling x4  
  34  3:32  Overlord  
  36  3:40  Evolution Chamber  
  35  3:42  Drone x3  
  39  3:49  Queen  
  39  3:55  Drone x2  
  42  3:59  Overlord  
  42  4:01  Drone  
  43  4:05  Spore Crawler  
  43  4:06  Drone  
  43  4:07  Drone  
  44  4:12  Drone x2  
  44  4:15  Drone  
  47  4:19  Drone x3  
  50  4:25  Queen  
  50  4:30  Overlord  
  52  4:32  Overlord  
  52  4:34  Drone  
  53  4:39  Drone x3  
  53  4:45  Overlord  
  55  4:49  Drone x3  
  55  4:50  Drone  
  59  4:52  Spore Crawler  
  59  4:54  Drone x2  
  59  4:56  Zergling x2  
  59  4:57  Zergling x2  
  59  4:59  Drone  
  63  5:00  Drone  
  64  5:07  Overlord  
  64  5:08  Drone x3  
  64  5:11  Drone x2  
  64  5:13  Spore Crawler  
  68  5:15  Drone  
  68  5:19  Drone  
  70  5:21  Roach Warren, Drone  
  70  5:24  Drone  
  70  5:25  Drone x2  
  70  5:28  Drone x2  
  76  5:31  Lair  
  76  5:33  Extractor x2  
  74  5:37  Drone  
  74  5:38  Hatchery  
  74  5:40  Overlord  
  75  5:42  Drone  
  75  5:43  Drone x2  
  75  5:45  Overlord  
  75  5:46  Zergling x4  
  78  5:52  Extractor, Zergling x10  
  82  5:58  Queen  
  82  5:59  Overlord  
  82  6:02  Overlord  
  81  6:08  Zergling x12  
  81  6:10  Zergling x4  
  86  6:14  Roach x2  
  90  6:18  Roach  
  90  6:20  Overlord  
  90  6:23  Roach  
  90  6:24  Roach x3  
  100  6:29  Roach x3  
  105  6:34  Ravager x2  
  105  6:37  Roach  
  105  6:38  Roach x2  
  105  6:39  Overlord  
  112  6:43  Roach  
  112  6:44  Evolution Chamber  
  112  6:46  Drone x4, Glial Reconstitution  
  117  6:50  Drone x2  
  117  6:53  Drone x2  
  121  6:54  Baneling Nest  
  121  6:58  Drone x4  
  121  7:00  Extractor, Drone x2  
  125  7:04  Overseer  
  125  7:05  Drone  
  125  7:06  Drone x2  
  128  7:09  Infestation Pit  
  128  7:10  Extractor  
  128  7:12  Evolution Chamber  
  128  7:13  Zerg Melee Weapons Level 1  
  125  7:16  Drone x5  
  125  7:21  Overlord  
  125  7:22  Drone x3  
  131  7:25  Drone x4  
  131  7:29  Overlord  
  135  7:32  Drone  
  135  7:34  Overlord  
  136  7:38  Overlord  
  136  7:39  Zerg Missile Weapons Level 1  
  136  7:40  Drone x4  
  136  7:41  Drone  
  136  7:42  Overseer  
  140  7:45  Overlord  
  140  7:47  Hive  
  140  7:53  Centrifugal Hooks  
  140  7:54  Zergling x8  
  140  7:56  Overseer  
  144  8:00  Zergling x2  
  144  8:01  Zergling x12  
  151  8:05  Extractor  
  151  8:07  Extractor  
  151  8:08  Spire  
  151  8:12  Zergling x18  
  157  8:13  Pneumatized Carapace  
  157  8:19  Overlord  
  157  8:21  Hatchery  
  156  8:29  Zergling x18  
  165  8:42  Spore Crawler, Drone  
  165  8:43  Drone x2, Spine Crawler  
  165  8:45  Drone  
  165  8:46  Spine Crawler, Zergling x12  
  165  8:47  Zergling x8  
  176  8:50  Overseer x4  
  176  8:55  Overlord x2  
  176  8:59  Zergling x10  
  181  9:07  Adrenal Glands  
  180  9:12  Zergling x12  
  175  9:19  Zergling x24  
  185  9:27  Baneling x10  
  185  9:28  Baneling x13  
  185  9:30  Greater Spire  
  185  9:34  Drone  
  185  9:35  Drone x2  
  186  9:44  Corruptor x2  
  190  9:50  Corruptor  
  200  10:05  Corruptor  
  200  10:06  Corruptor x2  
  198  10:09  Spore Crawler  
  198  10:10  Extractor  
  198  10:11  Extractor  
  198  10:12  Corruptor, Spine Crawler  
  198  10:13  Spine Crawler  
  195  10:15  Zergling x10  
  200  10:24  Baneling x6  
  200  10:25  Baneling x2  
  197  10:41  Baneling x4  
  187  10:55  Zergling x32  
  169  10:58  Zergling x36  
  169  11:02  Zergling x14  
  192  11:08  Baneling  
  192  11:09  Baneling x8  
  199  11:12  Ravager  
Show
View Real Time Build Order
Export as new Build Order

SKillous Protoss 

Build Orders: 1 Gate Expand, Oracle Opening 

Get SALT Encoding   

  8  0:00  Probe (Chrono Boost)  
  9  0:12  Probe (Chrono Boost)  
  10  0:17  Probe (Chrono Boost)  
  11  0:27  Probe  
  12  0:34  Pylon  
  12  0:39  Probe  
  13  0:52  Probe (Chrono Boost)  
  14  0:58  Gateway  
  15  1:04  Probe (Chrono Boost)  
  15  1:13  Probe (Chrono Boost)  
  15  1:18  Probe  
  17  1:30  Probe  
  18  1:40  Nexus  
  18  1:46  Assimilator  
  18  1:56  Cybernetics Core  
  18  1:59  Probe  
  19  2:04  Assimilator  
  19  2:11  Probe  
  19  2:14  Pylon  
  20  2:23  Probe  
  20  2:29  Adept (Chrono Boost)  
  21  2:35  Probe  
  24  2:48  Probe  
  25  2:51  Adept (Chrono Boost)  
  25  2:56  Probe  
  28  3:00  Probe  
  29  3:06  Stargate  
  29  3:08  Probe (Chrono Boost)  
  29  3:10  Warp Gate  
  31  3:17  Probe (Chrono Boost)  
  31  3:19  Probe (Chrono Boost)  
  32  3:22  Adept  
  32  3:24  Probe (Chrono Boost)  
  32  3:25  Probe (Chrono Boost)  
  36  3:33  Pylon  
  36  3:35  Probe  
  36  3:36  Probe  
  38  3:47  Probe  
  38  3:48  Probe, Oracle (Chrono Boost)  
  43  3:57  Stalker  
  43  3:59  Probe  
  43  4:00  Probe, Gateway  
  47  4:11  Probe  
  47  4:12  Probe  
  47  4:13  Pylon  
  49  4:21  Nexus  
  49  4:23  Probe  
  54  4:31  Oracle  
  54  4:35  Probe (Chrono Boost), Assimilator  
  54  4:36  Probe (Chrono Boost)  
  54  4:37  Assimilator  
  55  4:42  Pylon  
  55  4:49  Probe (Chrono Boost)  
  57  4:53  Pylon  
  57  4:57  Gateway, Sentry  
  57  4:58  Gateway  
  58  5:00  Sentry  
  58  5:01  Probe (Chrono Boost)  
  62  5:07  Probe (Chrono Boost)  
  62  5:11  Probe (Chrono Boost)  
  62  5:13  Sentry  
  66  5:15  Probe (Chrono Boost)  
  66  5:16  Probe (Chrono Boost)  
  67  5:28  Probe (Chrono Boost)  
  69  5:29  Sentry  
  69  5:30  Forge, Sentry  
  69  5:31  Probe (Chrono Boost)  
  69  5:35  Probe (Chrono Boost), Shield Battery  
  75  5:37  Probe (Chrono Boost)  
  75  5:42  Probe x2 (Chrono Boost)  
  77  5:45  Probe (Chrono Boost)  
  77  5:47  Probe (Chrono Boost)  
  77  5:49  Probe  
  80  5:50  Pylon  
  80  5:54  Probe  
  80  5:56  Shield Battery  
  81  5:58  Pylon  
  81  6:02  Probe (Chrono Boost)  
  78  6:12  Protoss Ground Weapons Level 1 (Chrono Boost)  
  78  6:14  Probe (Chrono Boost)  
  78  6:17  Probe (Chrono Boost)  
  79  6:19  Adept x4  
  79  6:20  Probe (Chrono Boost)  
  79  6:23  Probe (Chrono Boost)  
  89  6:26  Probe (Chrono Boost)  
  89  6:32  Probe  
  90  6:36  Probe x2  
  90  6:39  Assimilator  
  92  6:41  Assimilator, Fleet Beacon  
  92  6:42  Robotics Facility  
  92  6:43  Stalker x3  
  92  6:44  Probe, Stalker  
  101  6:48  Pylon, Probe  
  101  6:49  Pylon  
  102  6:55  Pylon  
  102  7:06  Pylon  
  102  7:08  Zealot x4  
  110  7:20  Zealot x3, Pylon  
  110  7:21  Zealot  
  126  7:31  Photon Cannon  
  126  7:32  Mothership (Chrono Boost)  
  126  7:36  Pylon  
  126  7:38  Pylon  
  126  7:39  Immortal (Chrono Boost), Stalker  
  126  7:40  Zealot  
  134  7:46  Photon Cannon  
  134  7:51  Twilight Council  
  134  7:54  Zealot x2  
  134  7:55  Pylon  
  138  8:08  Nexus  
  138  8:11  Pylon, Immortal (Chrono Boost)  
  142  8:19  Zealot x3  
  150  8:20  Zealot  
  150  8:24  Pylon  
  150  8:27  Charge (Chrono Boost)  
  150  8:29  Protoss Ground Weapons Level 2 (Chrono Boost)  
  150  8:33  Templar Archives  
  150  8:35  Gateway  
  150  8:37  Gateway  
  150  8:42  Robotics Facility  
  150  8:44  Immortal (Chrono Boost)  
  150  8:46  Gateway  
  154  8:49  Pylon  
  154  9:11  Psionic Storm  
  150  9:21  Immortal  
  150  9:22  High Templar x4  
  150  9:23  High Templar  
  164  9:24  Zealot  
  164  9:27  Photon Cannon  
  164  9:29  Photon Cannon  
  166  9:33  High Templar  
  166  9:36  Photon Cannon  
  166  9:37  Photon Cannon  
  166  9:38  Assimilator  
  168  9:40  Assimilator  
  168  9:41  Gateway  
  168  9:42  Gateway  
  168  9:44  Gateway  
  168  9:45  Photon Cannon  
  168  9:46  Shield Battery  
  168  9:48  Pylon  
  168  9:53  Immortal (Chrono Boost)  
  168  9:57  Shield Battery  
  172  10:00  Photon Cannon  
  172  10:03  Warp Prism (Chrono Boost)  
  174  10:09  High Templar x2  
  174  10:10  Zealot x2  
  182  10:14  Shield Battery  
  182  10:24  High Templar  
  182  10:25  Zealot x2  
  189  10:28  Observer (Chrono Boost)  
  183  10:49  Archon  
  116  10:58  Stalker x4  
  116  10:59  Stalker  
Tags
 
Add a new tag
Caveats
  • Supply blocks, unpowered buildings, or Contaminate may cause inaccurate times.
  • Supply counts are checked every 10 seconds.